 Dungeon Crawl Stone Soup version 0.19.3-1-g3169bf9 (webtiles) character file.

6206 Caractacus the Fighter (level 10, -4/80 HPs)
             Began as a Gargoyle Berserker on Jan 25, 2017.
             Was a Priest of Trog.
             Slain by an ice dragon (7 damage)
             ... on level 9 of the Dungeon.
             The game lasted 01:20:00 (9124 turns).

Caractacus the Fighter (Gargoyle Berserker)         Turns: 9124, Time: 01:20:01

Health: -4/80      AC: 27    Str: 26    XL:     10   Next: 92%
Magic:  10/10      EV:  8    Int:  8    God:    Trog [***...]
Gold:   285        SH: 13    Dex:  9    Spells: 0 memorised, 9 levels left

rFire  . . .     SeeInvis .     a - +0 mace
rCold  + . .     Gourm    .     n - +0 chain mail
rNeg   + . .     Faith    .     w - +2 shield
rPois  ∞         Spirit   .     o - +2 helmet
rElec  +         Reflect  .     l - +2 cloak {MR+}
rCorr  .         Harm     .     z - +0 pair of gloves
MR     +++..                    v - +0 pair of boots (curse)
Stlth  ..........               r - amulet of Vitality {Regen+ HP+15}
                                m - ring of protection from cold
                                t - +2 ring of strength

@: exhausted, starving, regenerating, slowed, very slow
A: negative energy resistance 1, electricity resistance, unbreathing,
petrification resistance, rot immunity, AC +7
a: Berserk, Trog's Hand, Burn Spellbooks, Renounce Religion


You were on level 9 of the Dungeon.
You worshipped Trog.
Trog was most pleased with you.
You were starving.

You visited 1 branch of the dungeon, and saw 9 of its levels.

You collected 411 gold pieces.
You spent 126 gold pieces at shops.

Inventory:

Hand Weapons
 a - a +0 mace (weapon)
 b - a +2 trident of protection
Missiles
 e - 208 stones (quivered)
 f - 57 sling bullets
Armour
 l - a +2 cloak of magic resistance (worn)
 n - a +0 chain mail (worn)
 o - a +2 helmet (worn)
 v - a cursed +0 pair of boots (worn)
 w - a +2 shield (worn)
 z - a +0 pair of gloves (worn)
Jewellery
 j - an uncursed amulet of harm
 k - an uncursed ring of resist corrosion
 m - a ring of protection from cold (right hand)
 r - the amulet of Vitality (around neck) {Regen+ HP+15}
   (You found it on level 4 of the Dungeon)

   [amulet of regeneration]

   It affects your health (+15).
   It increases your rate of regeneration.
 s - an uncursed ring of fire
 t - a +2 ring of strength (left hand)
Scrolls
 d - 5 scrolls of remove curse
 g - 9 scrolls of identify
 i - a scroll of recharging
Comestibles
 c - a bread ration
 p - 3 beef jerkies


   Skills:
 * Level 8.5 Fighting
 * Level 8.2 Maces & Flails
 * Level 3.3 Polearms
 * Level 8.1 Armour
 - Level 2.1 Dodging
 + Level 6.3 Stealth
 * Level 7.7 Shields


You had 9 spell levels left.
You didn't know any spells.

Dungeon Overview and Level Annotations

Branches:
Dungeon (9/15)             Temple (0/1) D:7
   Lair: D:8-11         Orc: D:9-12

Altars:
Ashenzari
Elyvilon
Hepliaklqana
Nemelex Xobeh
Okawaru
Ru
Sif Muna
Trog
Zin
The Shining One

Shops:
D:7 [


Innate Abilities, Weirdness & Mutations

You are resistant to torment.
Your stone body is resilient. (AC +7)
You are immune to poison.
You resist negative energy. (rN+)
You are resistant to electric shocks. (rElec)
You can survive without breathing.
You are immune to petrification.
You are immune to rotting.


Message History

You block the ice dragon's attack. x2
The ice dragon tramples you but does no damage.
You fail to use your ability.
The ice dragon bites you but does no damage.
The ice dragon claws you but does no damage.
The ice dragon tramples you but does no damage.
You fail to use your ability.
You feel the effects of Trog's Hand fading.
The ice dragon bites you but does no damage.
The ice dragon barely misses you.
The ice dragon tramples you but does no damage.
The ice dragon breathes frost at you. The blast of cold hits you! You resist.
* * * LOW HITPOINT WARNING * * *
Your ogre goes berserk!
You are starving!
You can no longer call in reinforcements.
You block the ice dragon's attack. The ice dragon barely misses you.
The ice dragon tramples you!
You die...

#..$$≈≈≈≈≈
#...≈≈≈≈≈≈
##...≈≈≈≈≈≈
#≈≈.≈≈≈≈≈≈#
#≈≈≈≈≈≈..≈#
#≈≈≈≈.....#
#≈≈......#
#.D......#
#O@.....##
##......#
.# #......#
>. ##....##
# ##..## #
# #..# #
##.# ##.#
#.#... #.#
#.#... #.##
#...##


You could see an ice dragon and a friendly ogre (berserk).

Vanquished Creatures
  A death yak (D:9)
  Joseph (D:7)
  3 polar bears
  A troll (D:9)
  A two-headed ogre (D:9)
  The ghost of loom the Conjurer, an amateur DECj of Vehumet (D:4)
  A vampire (D:8)
  5 yaks
  2 hungry ghosts
  5 ice beasts
  2 sky beasts (D:6)
  6 ogres
  2 centaurs
  A crocodile (D:9)
  2 bullfrogs
  3 scorpions
  4 killer bees (D:7)
  A howler monkey (D:6)
  3 crimson imps
  A centaur zombie (D:7)
  A quasit (D:5)
  2 jellies
  3 orc priests
  4 orc wizards
  6 hounds
  2 bullfrog skeletons (D:4)
  An iguana (D:4)
  Terence (D:2)
  7 worker ants
  Robin (D:2)
  2 gnolls (D:7)
  3 adders
  A shadow imp (D:9)
  4 white imps (D:9)
  A howler monkey simulacrum (D:9)
  An ufetubus (D:8)
  An adder skeleton (D:4)
  5 worms
  4 dart slugs
  2 adder simulacra (D:9)
  A leopard gecko (D:4)
  11 orcs
  A ball python (D:1)
  6 giant cockroaches
  14 goblins
  13 hobgoblins
  5 jackals
  6 kobolds
  3 quokkas
  6 bats
  7 frilled lizards
  A jackal skeleton (D:4)
  A leopard gecko skeleton (D:5)
  A quokka skeleton (D:6)
  9 rats
183 creatures vanquished.

Vanquished Creatures (others)
  A yak (D:9)
  2 orcs
3 creatures vanquished.

Grand Total: 186 creatures vanquished

Notes
Turn   | Place    | Note
-------+----------+-------------------------------------------
     0 | D:1      | Caractacus the Gargoyle Berserker began the quest for the Orb.
     0 | D:1      | Reached XP level 1. HP: 14/14 MP: 1/1
   360 | D:1      | Reached XP level 2. HP: 19/19 MP: 2/2
   755 | D:1      | Reached XP level 3. HP: 19/23 MP: 3/3
  1051 | D:1      | Reached ** piety under Trog
  1490 | D:2      | Noticed Robin
  1498 | D:2      | Killed Robin
  1511 | D:2      | Reached XP level 4. HP: 23/29 MP: 4/4
  2107 | D:2      | Noticed Terence
  2114 | D:2      | Killed Terence
  2334 | D:3      | Reached skill level 1 in Stealth
  2334 | D:3      | Reached XP level 5. HP: 14/33 MP: 5/5
  2577 | D:3      | Reached *** piety under Trog
  2799 | D:3      | Found a glowing golden altar of the Shining One.
  2857 | D:3      | Found a sparkling altar of Nemelex Xobeh.
  2997 | D:4      | Reached skill level 1 in Shields
  3227 | D:4      | Reached XP level 6. HP: 38/38 MP: 6/6
  3430 | D:4      | Reached skill level 5 in Maces & Flails
  3431 | D:4      | Found a sacrificial altar of Ru.
  3525 | D:4      | Noticed loom's ghost (amateur DECj)
  3544 | D:4      | Killed loom's ghost
  3544 | D:4      | Reached XP level 7. HP: 19/44 MP: 7/7
  4265 | D:5      | Entered Level 5 of the Dungeon
  4277 | D:5      | Reached skill level 5 in Fighting
  4479 | D:5      | Found a hazy altar of Hepliaklqana.
  4589 | D:5      | Found a white marble altar of Elyvilon.
  4768 | D:5      | Found a shattered altar of Ashenzari.
  5065 | D:6      | Reached XP level 8. HP: 49/49 MP: 8/8
  5362 | D:6      | Reached skill level 5 in Armour
  5951 | D:7      | Noticed Joseph
  5956 | D:7      | Found a staircase to the Ecumenical Temple.
  6080 | D:7      | Paralysed by fainting for 12 turns
  6142 | D:7      | Paralysed by fainting for 8 turns
  6194 | D:7      | Killed Joseph
  6194 | D:7      | Reached skill level 5 in Shields
  6194 | D:7      | Reached XP level 9. HP: 38/56 MP: 9/9
  6555 | D:7      | Received a gift from Trog
  6824 | D:7      | Found Kasuxt's Antique Armour Shop.
  6836 | D:7      | Bought a pair of gloves for 126 gold pieces
  7026 | D:7      | Found an iron altar of Okawaru.
  7348 | D:8      | Reached skill level 5 in Stealth
  7616 | D:8      | Found a glowing silver altar of Zin.
  7851 | D:8      | Found a bloodstained altar of Trog.
  7929 | D:8      | Found a sparkling altar of Nemelex Xobeh.
  8024 | D:9      | Noticed a polar bear
  8025 | D:9      | Noticed a troll
  8038 | D:9      | Killed a troll
  8038 | D:9      | Reached skill level 1 in Polearms
  8062 | D:9      | Killed a polar bear
  8062 | D:9      | Reached XP level 10. HP: 63/63 MP: 10/10
  8743 | D:9      | Found a deep blue altar of Sif Muna.
  8758 | D:9      | Noticed a death yak
  8814 | D:9      | Killed a death yak
  8828 | D:9      | Reached **** piety under Trog
  9094 | D:9      | Noticed an ice dragon
  9123 | D:9      | HP: 1/80 [ice dragon/blast of cold (12)]
  9124 | D:9      | Slain by an ice dragon

Skill      XL: |  1  2  3  4  5  6  7  8  9 10 |
---------------+-------------------------------+-----
Dodging        | 2 |  2.1
Maces & Flails | 4 5 6 7 8 |  8.2
Fighting       | 4 5 6 7 8 |  8.5
Stealth        | 1 2 3 4 5 6 |  6.3
Shields        | 1 2 3 5 6 7 |  7.7
Armour         | 3 4 6 7 8 |  8.1
Polearms       | 1 3 |  3.3

Action                   |  1- 3 |  4- 6 |  7- 9 | 10-12 || total
-------------------------+-------+-------+-------+-------++-------
Melee: Mace              |    94 |   198 |   419 |   333 ||  1044
       Unarmed           |       |       |   165 |       ||   165
       Trident           |       |       |    35 |    54 ||    89
Throw: Tomahawk          |       |       |       |     4 ||     4
Invok: Berserk           |     1 |     4 |     8 |     4 ||    17
       Trog's Hand       |       |     2 |     7 |     6 ||    15
       Burn Spellbooks   |       |       |       |     2 ||     2
       Brothers in Arms  |       |       |       |     1 ||     1
  Use: Scroll            |     3 |     5 |     8 |       ||    16
       Potion            |     3 |     2 |     7 |     1 ||    13
 Stab: Sleeping          |       |     2 |       |       ||     2
  Eat: Chunk             |     1 |    12 |     8 |     4 ||    25
       Bread ration      |       |       |     1 |     3 ||     4
       Meat ration       |       |       |     3 |       ||     3
       Beef jerky        |       |       |     1 |       ||     1
Armor: Animal skin       |    29 |    20 |       |       ||    49
       Scale mail        |       |    60 |   246 |       ||   306
       Chain mail        |       |       |   178 |   446 ||   624
Dodge: Dodged            |    57 |    66 |   185 |   186 ||   494
Block: Shield            |       |    45 |   435 |   406 ||   886
